 Dungeon Crawl Stone Soup version 0.30-a0-591-g3c58d2bc28 (webtiles) character file.

Game seed: 12382585170162538849

121 ryw the Grave Robber (level 4, 0/25 HPs)
             Began as a Deep Elf Necromancer on Jan 5, 2023.
             Slain by Grinder (4 damage)
             ... on level 3 of the Dungeon.
             The game lasted 00:06:52 (3171 turns).

ryw the Grave Robber (Deep Elf Necromancer)         Turns: 3171, Time: 00:06:52

Health: 0/25       AC:  4    Str:  5    XL:     4   Next: 76%
Magic:  12/12      EV: 13    Int: 22    God:
Gold:   136        SH:  0    Dex: 15    Spells: 3/11 levels left

rFire   . . .      SeeInvis .    c - +2 dagger (venom)
rCold   . . .      Faith    .    (no shield)
rNeg    . . .      Spirit   .    a - +0 robe
rPois   .          Reflect  .    (no helmet)
rElec   .          Harm     .    (no cloak)
rCorr   .          Rampage  .    q - +1 pair of gloves
Will    .....                    (no boots)
Stlth   ++                       (no amulet)
HPRegen 0.24/turn                (no ring)
MPRegen 0.13/turn                (no ring)

@: no status effects
A: no striking features
a: no special abilities


You were on level 3 of the Dungeon.
You visited 1 branch of the dungeon, and saw 3 of its levels.

You collected 136 gold pieces.

Inventory:

Hand Weapons
 c - a +2 dagger of venom (weapon)
Missiles
 s - a throwing net
Armour
 a - a +0 robe (worn)
 q - a +1 pair of gloves (worn)
Scrolls
 h - a scroll of vulnerability {unknown}
 j - a scroll of teleportation
 k - a scroll of blinking {unknown}
Potions
 b - a potion of magic
 d - 2 potions of haste {unknown}
 e - a potion of lignification {unknown}
 f - a potion of mutation {unknown}
 g - a potion of degeneration {unknown}
 i - a potion of cancellation {unknown}
 l - a potion of resistance {unknown}
 m - a potion of berserk rage {unknown}
 o - 2 potions of attraction {unknown}
 p - a potion of might {unknown}
 t - a potion of invisibility {unknown}


   Skills:
 - Level 1.0 Fighting
 + Level 1.2 Short Blades
 + Level 3.3 Dodging
 - Level 2.4 Stealth
 + Level 4.0 Spellcasting
 * Level 6.0 Necromancy


You had 3 spell levels left.
You knew the following spells:

 Your Spells              Type           Power      Damage    Failure   Level
a - Necrotise             Necr           100%       1d9       1%          1
b - Vampiric Draining     Necr           30%        2d8       2%          3
c - Animate Dead          Necr           30%        N/A       10%         4

Your spell library contained the following spells:

 Spells                   Type           Power      Damage    Failure   Level
 Agony                    Necr           30%        N/A       26%         5


Dungeon Overview and Level Annotations

Branches:
Dungeon (3/15)

Altars:

Annotations:
D:3 Grinder


Message History

Grinder is lightly wounded.
Your hobgoblin zombie barely misses Grinder.
You closely miss Grinder.
Grinder is lightly wounded.
Grinder barely misses you.
Your hobgoblin skeleton hits Grinder but does no damage.
Your hobgoblin zombie closely misses Grinder.
You hit Grinder but do no damage.
Grinder is lightly wounded.
Grinder hits you.
You writhe in agony.
Your hobgoblin skeleton completely misses Grinder.
You hit Grinder but do no damage.
Grinder is lightly wounded.
Your goblin zombie is no longer paralysed.
Grinder hits you.
You writhe in agony.
Your hobgoblin zombie closely misses Grinder.
Your goblin zombie barely misses Grinder.
You hit Grinder.
Grinder is lightly wounded.
Your hobgoblin skeleton hits Grinder but does no damage.
Grinder hits you.
Your hobgoblin zombie hits Grinder.
Your goblin zombie barely misses Grinder.
You hit Grinder.
Grinder looks as sick as possible!
Grinder is heavily wounded.
Grinder hits you but does no damage.
Your hobgoblin skeleton barely misses Grinder.
Your hobgoblin zombie closely misses Grinder.
Your goblin zombie barely misses Grinder.
You hit Grinder but do no damage.
Grinder looks as sick as possible!
Grinder is heavily wounded.
Grinder hits you!
* * * LOW HITPOINT WARNING * * *
You writhe in agony.
* * * LOW HITPOINT WARNING * * *
Your hobgoblin skeleton closely misses Grinder.
Grinder attacks as you move away! Grinder closely misses you.
Your hobgoblin zombie barely misses Grinder.
Your goblin zombie barely misses Grinder.
Grinder attacks as you move away! Grinder hits you.
You die...

####.<...# #......
#........# ...... #
#.##.....# ..... #.
#>..Z.####
###'####†##........
.........##########
..........##
...........#
........@#.#
.....<.Z5#.#
..(...Z.Z#Z#
.........#.######
..................
..#+#####.##..####
. #$# #...# #..
..... #... ...5


You could see Grinder (extremely poisoned, ally target), a friendly goblin
zombie, a friendly hobgoblin zombie and a friendly hobgoblin skeleton.

Vanquished Creatures
  3 adders
  2 worms (D:2)
  6 dart slugs
  6 endoplasms
  2 giant cockroaches
  5 goblins
  7 hobgoblins
  13 jackals
  A quokka (D:2)
  6 ball pythons
  3 bats
  4 frilled lizards
  5 kobolds
  4 rats
67 creatures vanquished.

Vanquished Creatures (collateral kills)
  A dart slug (D:1)
  An endoplasm (D:1)
  A goblin (D:1)
3 creatures vanquished.

Grand Total: 70 creatures vanquished

Notes
Turn   | Place    | Note
-------+----------+-------------------------------------------
     0 | D:1      | ryw the Deep Elf Necromancer began the quest for the Orb.
     0 | D:1      | Reached XP level 1. HP: 10/10 MP: 6/6
    63 | D:1      | Reached skill level 5 in Necromancy
   111 | D:1      | Reached XP level 2. HP: 12/15 MP: 1/8
   503 | D:1      | Reached XP level 3. HP: 20/20 MP: 7/9
   847 | D:1      | Learned a level 3 spell: Vampiric Draining
   916 | D:1      | Reached skill level 1 in Fighting
  1468 | D:2      | Reached XP level 4. HP: 25/25 MP: 8/11
  1999 | D:2      | Reached skill level 1 in Short Blades
  2826 | D:3      | Learned a level 4 spell: Animate Dead
  3129 | D:3      | Reached skill level 6 in Necromancy
  3147 | D:3      | Noticed Grinder
  3171 | D:3      | Slain by Grinder

Illustrated notes

Levels and vault maps discovered:
D:1:      grunt_arrival_crossed_arrows, layout_basic, serial_curves,
          eino_curves_04, eino_curves_04, eino_curves_04, eino_curves_03,
          minmay_cut_off
D:2:      layout_basic, minmay_randomly_rotated_circles
D:3:      layout_basic, mainiacjoe_overflow_cross_hatched,
          hellmonk_ecumenical_altar_slurped_away, uniq_grinder, uniq_terence

Skill      XL: |  1  2  3  4 |
---------------+-------------+-----
Necromancy     | 5 6 |  6.0
Dodging        | 3 |  3.3
Fighting       | 1 |  1.0
Short Blades   | 1 |  1.2
Spellcasting   | 4 |  4.0
Stealth        | |  2.4

Action                   |  1- 3 |  4- 6 || total
-------------------------+-------+-------++-------
Melee: Dagger            |     1 |    23 ||    24
 Cast: Necrotise         |    79 |    38 ||   117
       Animate Dead      |       |     1 ||     1
       Vampiric Draining |       |     1 ||     1
  Use: Scroll            |     4 |     4 ||     8
Armor: Robe              |     5 |    10 ||    15
Dodge: Dodged            |    12 |    22 ||    34

Table legend: (Time is in decaauts)
 A = Elapsed time spent in this place.
 B = Non-inter-level travel time spent in this place.
 C = Inter-level travel time spent in this place.
 D = Time resting spent in this place.
 E = Time spent auto-exploring this place.
 F = Levels seen in this place.
 G = Mean time per level.
                   A        B        C        D        E       F      G
               +--------+--------+--------+--------+--------+-----+--------+
         Total |   3169 |   3077 |     92 |    203 |   2328 |   3 | 1056.3 |
       Dungeon |   3169 |   3077 |     92 |    203 |   2328 |   3 | 1056.3 |
               +--------+--------+--------+--------+--------+-----+--------+

Top non-repeatable levels by time:
     D:1: 1415 daAuts
     D:2: 1332 daAuts
     D:3: 421 daAuts
